AoeStats
← gursel.yeni

Arena

509346455Analyzed
1v1 RM · 6d ago on Sep 26, 2026· 27m 14s· 2 players
Game mode
Random Map
Map size
Tiny (2 player)
Population
200
Speed
Normal
Resources
Standard
Victory
Conquest
Starting age
Dark Age
Ending age
Imperial Age
RankedLock teamsTeams togetherTeam positionsShared explorationLock speedFull tech treeHidden civsTurbo modeCheats
Victory
Defeat
🇹🇷 Aztecs · Türkiye
893
+16
🇹🇼 Persians · Taiwan
903
-24
gursel.yeni
10:16 Feudal Age
16:30 Castle Age
15:38 Double-Bit Axe
17:15 Gold Mining
17:44 Loom
18:48 Horse Collar
19:29 Gold Mining
20:01 Bow Saw
26:44 Forging
柏廷大帥哥
10:54 Feudal Age
13:11 Loom
16:28 Castle Age
14:33 Double-Bit Axe
15:59 Horse Collar
16:41 Gold Mining
18:36 Bow Saw
Connection lost

Rejoining the realm…

Still unreachable

The connection could not be restored.

Session expired

The server has moved on; the page needs a fresh start.